 Dungeon Crawl Stone Soup version 0.28.0-49-g6dfe1f597d (webtiles) character file.

Game seed: 14147848283702291561

8306 Atelerd the Geomancer (level 11, -13/69 HPs)
             Began as an Octopode Earth Elementalist on May 12, 2022.
             Was a Follower of Sif Muna.
             Mangled by a death yak (19 damage)
             ... on level 11 of the Dungeon.
             The game lasted 00:25:09 (12788 turns).

Atelerd the Geomancer (OpEE)                       Turns: 12788, Time: 00:25:10

Health: -13/69     AC:  1    Str:  9    XL:     11   Next: 28%
Magic:  22/24      EV: 14    Int: 27    God:    Sif Muna [*.....]
Gold:   302        SH:  0    Dex: 12    Spells: 18/28 levels left

rFire   . . .      SeeInvis .   p - +0 short sword (speed)
rCold   . . .      Faith    .   (no shield)
rNeg    . . .      Spirit   .   (helmet restricted)
rPois   .          Reflect  .   (no amulet)
rElec   .          Harm     .   j - +6 ring of intelligence
rCorr   .          Rampage  .   f - +4 ring of slaying
Will    +....                   e - ring of willpower
Stlth   +++++.....              (no ring)
HPRegen 0.21/turn               (no ring)
MPRegen 0.19/turn               (no ring)
                                (no ring)
                                (no ring)

@: on blink cooldown
A: almost no armour, amphibious, 8 rings, camouflage 1, gelatinous body 1,
(nimble swimmer 1), tentacles
a: Renounce Religion, Channel Magic


You were on level 11 of the Dungeon.
You worshipped Sif Muna.
Sif Muna was aware of your devotion.
You visited 2 branches of the dungeon, and saw 12 of its levels.
You also visited: Sewer.

You collected 469 gold pieces.
You spent 167 gold pieces at shops.

Inventory:

Hand Weapons
 c - a +0 dagger
 p - a +0 short sword of speed (weapon)
 r - a +1 short sword of venom
Missiles
 b - 117 stones
 x - 2 throwing nets
Armour
 w - an orb of light
Jewellery
 e - a ring of willpower (on tentacle)
 f - a +4 ring of slaying (right tentacle)
 j - a +6 ring of intelligence (left tentacle)
 m - a ring of ice
Wands
 q - a wand of iceblast (18)
Scrolls
 d - a scroll of torment
 g - 2 scrolls of fear
 h - 4 scrolls of teleportation
 n - a scroll of enchant armour {unknown}
 o - a scroll of noise
 v - a scroll of holy word
 C - a scroll of immolation
 D - a scroll of fog
Potions
 a - a potion of brilliance
 i - 2 potions of lignification {unknown}
 k - a potion of degeneration {unknown}
 l - 3 potions of mutation {unknown}
 s - a potion of attraction {unknown}
 t - 2 potions of heal wounds
 u - 2 potions of flight
 z - a potion of curing
 A - a potion of haste {unknown}
 B - a potion of resistance {unknown}


   Skills:
 + Level 4.0 Fighting
 + Level 4.6 Short Blades
 + Level 4.7 Dodging
 + Level 7.8 Stealth
 + Level 9.3 Spellcasting
 - Level 3.0 Transmutations
 - Level 10.0 Earth Magic
 - Level 4.0 Invocations


You had 18 spell levels left.
You knew the following spells:

 Your Spells              Type           Power      Damage    Failure   Level
a - Sandblast             Erth           100%       2d20      1%          1
c - Blink                 Tloc           24%        N/A       7%          2
p - Petrify               Tmut/Erth      47%        N/A       3%          4
w - Swiftness             Air            12%        N/A       14%         3

Your spell library contained the following spells:

 Spells                   Type           Power      Damage    Failure   Level
 Passwall                 Tmut/Erth      39%        N/A       1%          2
 Stone Arrow              Conj/Erth      78%        3d11      1%          3
 Apportation              Tloc           24%        N/A       4%          1
 Summon Small Mammal      Summ           48%        N/A       4%          1
 Ensorcelled Hibernation  Hex/Ice        24%        N/A       7%          2
 Call Canine Familiar     Summ           12%        N/A       14%         3
 Lesser Beckoning         Tloc           12%        N/A       14%         3
 Summon Guardian Golem    Hex/Summ       12%        N/A       14%         3
 Tukima's Dance           Hex            12%        N/A       14%         3
 Anguish                  Hex/Necr       6%         N/A       41%         4
 Alistair's Intoxication  Tmut/Pois      13%        N/A       56%         5
 Manifold Assault         Tloc           12%        N/A       77%         5
 Enfeeble                 Hex            6%         N/A       100%        7


Dungeon Overview and Level Annotations

Branches:
Dungeon (11/15)            Temple (1/1) D:6           Sewer (visited)
   Lair: D:8-11         Orc: D:9-12

Altars:
Dithmenos
Elyvilon
Fedhas
Gozag
Hepliaklqana
Kikubaaqudgha
Nemelex Xobeh
Qazlal
Ru
Sif Muna
Trog
Uskayaw
Vehumet
Wu Jian
Xom
Zin
The Shining One

Shops:
D:2 *   D:8 (=!

Annotations:
D:4 exclusion: downstairs
D:6 2 runed translucent doors, Revguard's ghost, novice DsIE
D:8 exclusion: 2 downstairs
D:9 exclusion: centaur warrior
D:10 2 transporters, 101zpm's ghost, journeyman DjFE
D:11 exclusion: upstairs


Innate Abilities, Weirdness & Mutations

You cannot wear most types of armour.
You are amphibious.
You can wear up to eight rings at the same time.
Your skin changes colour to match your surroundings (Stealth+).
Your rubbery body absorbs attacks. (AC +1, EV +1)
((You are camouflaged when in or above water. (Stealth+)))
You have tentacles for arms and can constrict up to eight enemies at once.


Message History

g - 3 scrolls of fear
As you read the scroll of identify, it crumbles to dust.
o - a scroll of noise
As you read the scroll of identify, it crumbles to dust.
D - a scroll of fog
As you read the scroll of identify, it crumbles to dust.
a - a potion of brilliance
Okay, then.
As you read the scroll of identify, it crumbles to dust.
C - a scroll of immolation
As you read the scroll of identify, it crumbles to dust.
v - a scroll of holy word
Okay, then.
Partly explored, unvisited transporter.
Partly explored, unvisited transporter.
Partly explored, unvisited transporter.
Partly explored, unvisited transporter.
Okay, then.
(D) Dungeon (T) Temple
Where to? (? - help)
What level of the Dungeon? (default 1, ? - help)
There is an open door here.
There is an open door here.
There is an open door here.
There is a stone staircase leading down here.
You climb downwards.
The death yak gores you!! The death yak gores you!
There is a stone staircase leading up, spattered with blood here.
Unknown command.
Casting: Petrify (dangerous; 3% risk of failure)
Confirm with . or Enter, or press ? or * to list all spells.
You blink.
The death yak gores you!!
* * * LOW HITPOINT WARNING * * *
Okay, then.
Okay, then.
Unknown command.
As you read the scroll of fear, it crumbles to dust.
You assume a fearsome visage.
The death yak looks frightened!
The death yak resists with some effort.
The death yak gores you!!
You die...

#..##..##..# #..#
#..##..##..# #..#
#..##..##..####..#
#..##..##........#
#......##........#
#......##........#
#......##........#
..##...##......Y.#
#.##...##......Y@#
#.##.............#
#.##..(..........#
#.##...#.........#
#.##...#.........#
#......#.........#
#......#.........#
...##..#.........#
...##..#.........#


You could see 2 death yaks.

Vanquished Creatures
  Harold (D:7)
  A two-headed ogre (D:10)
  A death yak (D:11)
  Pikel (D:5)
  A deep elf pyromancer (D:9)
  A cyclops (D:11)
  A black mamba (shapeshifter) (D:10)
  A kobold demonologist (D:10)
  Grinder (D:5)
  7 yaks
  2 vampires
  Eustachio (D:6)
  Edmund (D:6)
  2 acid dragons (D:11)
  Duvessa (D:6)
  2 black bears
  An orc warrior (D:9)
  4 centaurs
  An ogre (D:5)
  2 kobold brigands
  A gnoll sergeant (D:10)
  3 bullfrogs
  A wyvern zombie (D:7)
  A water moccasin zombie (D:7)
  Dowan (D:6)
  4 killer bees (D:8)
  8 howler monkeys
  A bullfrog zombie (D:6)
  3 centaur zombies
  2 orc priests
  3 hounds
  2 jellies
  Ijyb (D:5)
  Natasha (thrice) (D:3)
  An iguana (D:5)
  4 orc wizards
  4 hell rats (D:11)
  A killer bee zombie (D:8)
  A hound skeleton (D:4)
  A howler monkey zombie (D:7)
  Robin (D:4)
  7 gnolls
  5 adders
  2 shadow imps
  An ufetubus (D:4)
  An adder skeleton (D:4)
  2 worms (D:2)
  5 dart slugs
  25 orcs
  7 ball pythons
  3 endoplasms
  2 giant cockroaches
  11 goblins
  15 hobgoblins
  3 jackals
  4 quokkas
  5 bats
  2 frilled lizards (D:2)
  19 kobolds
  11 rats
210 creatures vanquished.

Vanquished Creatures (others)
  A plant (D:9)
1 creature vanquished.

Grand Total: 211 creatures vanquished

Notes
Turn   | Place    | Note
-------+----------+-------------------------------------------
     0 | D:1      | Atelerd the Octopode Earth Elementalist began the quest for
                  | the Orb.
     0 | D:1      | Reached XP level 1. HP: 11/11 MP: 3/3
   290 | D:1      | Reached XP level 2. HP: 17/17 MP: 5/5
   587 | D:1      | Reached XP level 3. HP: 21/21 MP: 4/6
  1052 | D:2      | Found Plog's General Store.
  1188 | D:2      | Found a faded altar of an unknown god.
  1368 | D:2      | Reached XP level 4. HP: 27/27 MP: 8/8
  1848 | D:3      | Noticed Natasha
  1856 | D:3      | Killed Natasha
  2013 | D:3      | Noticed Natasha
  2019 | D:3      | Killed Natasha
  2020 | D:3      | Reached skill level 4 in Earth Magic
  2020 | D:3      | Reached XP level 5. HP: 18/31 MP: 6/9
  2131 | D:3      | Learned a level 4 spell: Petrify
  2263 | D:3      | Noticed Natasha
  2270 | D:3      | Killed Natasha
  2945 | D:4      | Noticed Robin
  2958 | D:4      | Killed Robin
  3198 | D:4      | Reached XP level 6. HP: 36/36 MP: 11/11
  3801 | D:5      | Entered Level 5 of the Dungeon
  3822 | D:5      | Noticed Grinder
  4077 | D:2      | Bought a potion of heal wounds for 55 gold pieces
  4150 | D:5      | Reached skill level 1 in Short Blades
  4279 | D:5      | Noticed Ijyb
  4291 | D:5      | Killed Ijyb
  4292 | D:5      | Reached XP level 7. HP: 24/41 MP: 7/13
  4300 | D:5      | Found an ancient bone altar of Kikubaaqudgha.
  4383 | D:5      | Killed Grinder
  4384 | D:5      | Reached skill level 5 in Stealth
  4384 | D:5      | Reached skill level 5 in Earth Magic
  4523 | D:5      | Noticed Pikel
  4538 | D:5      | Killed Pikel
  4539 | D:5      | Reached skill level 5 in Spellcasting
  4539 | D:5      | Reached skill level 6 in Earth Magic
  4539 | D:5      | Reached XP level 8. HP: 31/46 MP: 11/16
  5224 | D:4      | Identified the +6 hunting sling of Destiny {flame, Int+4}
  5294 | D:6      | Found a glowing drain.
  5298 | Sewer    | Entered a sewer
  5318 | Sewer    | Learned a level 3 spell: Swiftness
  5364 | Sewer    | Reached skill level 7 in Earth Magic
  5578 | Sewer    | Found a white marble altar of Elyvilon.
  5757 | D:6      | Noticed Dowan
  5759 | D:6      | Found a staircase to the Ecumenical Temple.
  5765 | D:6      | Noticed Duvessa
  5771 | D:6      | Noticed Eustachio
  5784 | D:6      | Killed Eustachio
  5795 | D:6      | Noticed Edmund
  5949 | Temple   | Entered the Ecumenical Temple
  6099 | Temple   | Became a worshipper of Sif Muna the Loreminder
  6199 | D:6      | Killed Edmund
  6200 | D:6      | Reached XP level 9. HP: 51/51 MP: 7/19
  6311 | D:6      | Killed Dowan
  6314 | D:6      | Killed Duvessa
  6538 | D:6      | Found a large runed translucent door.
  6539 | D:6      | Found a large runed translucent door.
  6542 | D:6      | Noticed Revguard's ghost (novice DsIE)
  6612 | D:7      | Reached skill level 8 in Earth Magic
  7042 | D:7      | Noticed Harold
  7061 | D:7      | Killed Harold
  7110 | D:7      | Reached skill level 9 in Earth Magic
  7309 | D:7      | Learned a level 2 spell: Blink
  7873 | D:8      | Reached skill level 1 in Invocations
  7945 | D:8      | Found Waerr's Distillery.
  7948 | D:8      | Bought a potion of curing for 42 gold pieces
  7948 | D:8      | Bought a potion of heal wounds for 70 gold pieces
  8007 | D:8      | Reached XP level 10. HP: 51/57 MP: 17/22
  8032 | D:8      | Reached * piety under Sif Muna
  8113 | D:8      | Reached skill level 1 in Fighting
  8297 | D:8      | Found Zapuf's Antique Weapon Boutique.
  8312 | D:8      | Found Wusotuugg's Jewellery Emporium.
  9517 | D:9      | Noticed a deep elf pyromancer
  9528 | D:9      | Killed a deep elf pyromancer
  9704 | D:9      | Noticed a centaur warrior
  9754 | D:10     | Entered Level 10 of the Dungeon
 10060 | D:10     | Noticed a moth of wrath
 10068 | D:10     | Found a transporter.
 10068 | D:10     | Noticed 101zpm's ghost (journeyman DjFE)
 10070 | D:10     | Noticed a manticore
 10106 | D:10     | Found a transporter.
 10229 | D:10     | Noticed a kobold demonologist
 10237 | D:10     | Noticed an orange demon
 10413 | D:11     | Noticed a cyclops
 10424 | D:11     | Killed a cyclops
 10471 | D:11     | Noticed a death yak
 10662 | D:11     | Killed a death yak
 11064 | D:11     | Noticed a death yak
 11096 | D:11     | Noticed a death yak
 11367 | D:10     | Killed a kobold demonologist
 11368 | D:10     | Reached skill level 10 in Earth Magic
 11368 | D:10     | Reached XP level 11. HP: 32/67 MP: 4/24
 11584 | D:10     | Noticed a two-headed ogre
 11597 | D:10     | Killed a two-headed ogre
 11919 | D:10     | Noticed a shining eye
 11927 | D:10     | Noticed a faun
 11927 | D:10     | a shining eye changed into a faun
 12100 | D:10     | Noticed a lindwurm
 12788 | D:11     | Mangled by a death yak

Illustrated notes

Levels and vault maps discovered:
D:1:      amcnicky_arrival_double_pillar, layout_loops_ring, st_stairs_13
D:2:      layout_basic, hellmonk_ecumenical_altar_dog_temple, serial_shops,
          nicolae_shop_crystal
D:3:      layout_basic, kennysheep_generic_room_4, uniq_natasha
D:4:      layout_loops_corners, uniq_robin
D:5:      black_bear_nest_2, layout_basic, mainiacjoe_overflow_paths, uniq_ijyb,
          uniq_pikel, uniq_grinder
D:6:      layout_cave_pools, minmay_temple_entry_grid, gup_sewer_entry_bowl,
          ebering_ghost_disaster_area, uniq_duvessa, uniq_edmund, uniq_eustachio
D:7:      layout_loops_ring, nrook_mini_vaults, uniq_harold
D:8:      layout_basic, serial_shops, nicolae_shop_behind_doors,
          nicolae_shop_hallway_plus, nicolae_shop_behind_doors
D:9:      wad_statue_garden, layout_basic, biasface_ghost_orc_armoury
D:10:     layout_roguey, gammafunk_ghost_berserking_beasts
D:11:     layout_long_grid, dpeg_lair_monsters, erik_orc_1,
          trove_entry_hex_spiral
Temple:   mainiacjoe_temple_archimedes_tessellation

Skill      XL: |  1  2  3  4  5  6  7  8  9 10 11 |
---------------+----------------------------------+-----
Transmutations | 2 3 |  3.0
Spellcasting   | 3 4 5 7 8 9 |  9.3
Earth Magic    | 4 6 7 9 10 | 10.0
Stealth        | 4 5 7 |  7.8
Short Blades   | 1 2 4 |  4.6
Invocations    | 1 4 |  4.0
Fighting       | 3 4 |  4.0
Dodging        | 4 |  4.7

Action                   |  1- 3 |  4- 6 |  7- 9 | 10-12 || total
-------------------------+-------+-------+-------+-------++-------
Melee: Unarmed           |     7 |       |       |       ||     7
       Tentacles         |    11 |    24 |    31 |    27 ||    93
       Constrict         |    10 |    27 |    29 |    10 ||    76
       Dagger            |    37 |    77 |       |       ||   114
       Short sword       |       |       |   127 |    95 ||   222
       Punch             |       |       |     6 |     3 ||     9
 Cast: Sandblast         |    15 |    29 |    51 |    54 ||   149
       Petrify           |       |     3 |    17 |    71 ||    91
       Blink             |       |       |       |     7 ||     7
  Use: Potion            |       |       |     2 |     1 ||     3
       Scroll            |       |       |     1 |     8 ||     9
 Stab: Sleeping          |    16 |     9 |     5 |     1 ||    31
       Petrified         |       |     9 |    56 |    66 ||   131
       Petrifying        |       |       |     1 |     6 ||     7
Armor: Skin              |     3 |     1 |     6 |     4 ||    14
Dodge: Dodged            |    24 |    39 |    54 |    51 ||   168
